AoeStats
← Peppenwolf

Pilgrims

507352496Analyzed
2v2 RM · 15d ago on Sep 17, 2026· 39m 10s· 4 players
Game mode
Random Map
Map size
Medium (4 player)
Population
200
Speed
Normal
Resources
Standard
Victory
Conquest
Starting age
Dark Age
Ending age
Imperial Age
RankedLock teamsTeams togetherTeam positionsShared explorationLock speedFull tech treeHidden civsTurbo modeCheats
Victory
Defeat
🇪🇸 Italians · Spain
1058
+11
🇺🇸 Vikings · United States
991
+14
🇨🇭 Britons · Switzerland
976
-13
🇨🇭 Vikings · Switzerland
924
-12
GerryPrime
3:35 Loom
10:59 Feudal Age
12:47 Fletching
13:18 Double-Bit Axe
18:26 Padded Archer Armor
25:30 Castle Age
24:37 Horse Collar
25:19 Gold Mining
27:07 Thumb Ring
26:22 Crossbowman
27:06 Bodkin Arrow
31:05 Ballistics
38:23 Stone Mining
42:17 Imperial Age
DressComic11760
5:13 Loom
11:49 Feudal Age
12:46 Double-Bit Axe
14:50 Fishing Lines
17:31 Man-at-Arms
21:37 Castle Age
20:15 Gold Mining
20:18 Stone Mining
20:20 Arson
22:53 Bow Saw
23:09 Town Watch
24:18 Fletching
26:16 Bodkin Arrow
29:13 Imperial Age
26:58 Padded Archer Armor
27:36 Ballistics
28:16 Town Patrol
29:21 Gillnets
29:42 Medium Warships
30:40 Conscription
31:29 Gold Shaft Mining
31:27 Fervor
34:10 Chemistry
32:55 Elite Longship
34:01 Heavy Warships
33:51 Bogsveigar
34:37 Bracer
34:20 Elite Cannon Galleon
35:51 Forging
35:41 Scale Mail Armor
37:03 Hoardings
37:46 Coinage
Peppenwolf
4:49 Loom
10:30 Feudal Age
14:31 Fishing Lines
20:20 Castle Age
18:27 Fletching
20:56 Gillnets
21:16 Bodkin Arrow
28:36 Imperial Age
27:00 Town Watch
29:42 Conscription
34:16 Chemistry
33:28 Clinker Construction
36:42 Bracer
WatchMyVillager
9:47 Loom
17:50 Feudal Age
29:40 Castle Age
Connection lost

Rejoining the realm…

Still unreachable

The connection could not be restored.

Session expired

The server has moved on; the page needs a fresh start.